 Dungeon Crawl Stone Soup version 0.27.0 (webtiles) character file.

Game seed: 14734347555283364355

58 shadowrider38 the Chopper (level 3, 0/46 HPs)
             Began as a Minotaur Berserker on July 31, 2021.
             Was a Believer of Trog.
             Slain by a starspawn tentacle (3 damage)
             ... attached to a tentacled starspawn
             ... on level 1 of the Abyss.
             The game lasted 00:02:08 (1543 turns).

shadowrider38 the Chopper (Minotaur Berserker)      Turns: 1543, Time: 00:02:08

Health: 0/46       AC:  3    Str: 22    XL:     3   Next: 75%
Magic:  2/2        EV:  8    Int:  4    God:    Trog [**....]
Gold:   80         SH:  0    Dex:  9    Spells: 2/2 levels left

rFire    . . .     SeeInvis .   a - +0 hand axe
rCold    . . .     Faith    .   (no shield)
rNeg     . . .     Spirit   .   g - +0 leather armour
rPois    .         Reflect  .   (helmet restricted)
rElec    .         Harm     .   (no cloak)
rCorr    .         Rampage  .   (no gloves)
Will     .....                  (no boots)
Stlth    ..........             (no amulet)
HPRegen  0.15/turn              (no ring)
MPRegen  0.08/turn              (no ring)

@: berserking, constricted, very quick
A: horns 2, retaliatory headbutt
a: Renounce Religion, Berserk, Trog's Hand


You were on level 1 of the Abyss.
You worshipped Trog.
Trog was pleased with you.
You visited 1 branch of the dungeon, and saw 2 of its levels.
You visited the Abyss 1 time.

You collected 80 gold pieces.

Inventory:

Hand Weapons
 a - a +0 hand axe (weapon)
Missiles
 f - a throwing net (quivered)
Armour
 g - a +0 leather armour (worn)
Scrolls
 c - a scroll of enchant weapon {unknown}
Potions
 b - a potion of degeneration {unknown}
 d - a potion of attraction {unknown}
 e - 2 potions of magic {unknown}


   Skills:
 - Level 3.6 Fighting
 + Level 5.7 Axes
 - Level 2.4 Armour
 - Level 2.1 Dodging


You had 2 spell levels left.
You didn't know any spells.
Your spell library was empty.

Dungeon Overview and Level Annotations

Branches:
Dungeon (2/15)

Altars:


Innate Abilities, Weirdness & Mutations

You have a pair of horns on your head.
You reflexively headbutt those who attack you in melee.


Message History

Item here: 18 sling bullets.
The floor.
Found a fizzy ruby potion, 16 stones and 24 gold pieces.
You feel yourself speed up.
A tentacled starspawn comes into view.
You see here a fizzy ruby potion.
You now have 80 gold pieces (gained 19).
Tentacles burst from the starspawn's body! 2 starspawn tentacles come into view.
The starspawn tentacle grabs you. The starspawn tentacle constricts you.
Found 17 gold pieces.
You escape the starspawn tentacle's grasp.
You recover from your berserk rage.
The starspawn tentacle grabs you. The starspawn tentacle constricts you.
You hit the starspawn tentacle but do no damage.
You hit the starspawn tentacle.
The starspawn tentacle loses its grip on you.
The tentacle pulls you backwards!
You hit the starspawn tentacle but do no damage.
You headbutt the starspawn tentacle.
The starspawn tentacle is moderately damaged.
You hit the starspawn tentacle but do no damage.
You hit the tentacled starspawn but do no damage.
The starspawn tentacle closely misses you.
The starspawn tentacle grabs you. The starspawn tentacle constricts you.
You hit the starspawn tentacle.
The starspawn tentacle is heavily damaged.
You hit the starspawn tentacle but do no damage.
You hit the tentacled starspawn but do no damage.
The starspawn tentacle loses its grip on you.
The starspawn tentacle grabs you. The starspawn tentacle constricts you.
The starspawn tentacle loses its grip on you.
The tentacle pulls you backwards! The starspawn tentacle grabs you.
The starspawn tentacle constricts you.
A red film seems to cover your vision as you go berserk!
You feel yourself moving faster!
You feel mighty! The tentacled starspawn bites you!
The tentacled starspawn tentacle-slaps you!!
* * * LOW HITPOINT WARNING * * *
You die...

.... .. . ... ≈# . #..
#.. ≈. .# ##..##..###≈
≈$# .. ........... ≈...
... ........#.###≈..# . #
.##..##..#..≈≈≈# .. .#
..##..##..@#.##≈♣≈.
.#..........$.wXw..≈≈≈≈≈.
. . ...........#.#≈.##.#
# . #..##.!##....#≈≈## #
. #..##..##....#≈#≈.
...........#...≈≈#.#
.##................≈#.. #
. ..##..##..##...≈≈..###
##.##.. #.. #(.#....#


You could see a tentacled starspawn and 2 starspawn tentacles.

Vanquished Creatures
  A gnoll (D:2)
  2 worms (D:2)
  2 dart slugs
  2 bats
  2 endoplasms (D:1)
  3 giant cockroaches (D:1)
  3 hobgoblins
  3 kobolds
  4 ball pythons (D:1)
  2 frilled lizards
  8 goblins
  5 rats
37 creatures vanquished.

Notes
Turn   | Place    | Note
-------+----------+-------------------------------------------
     0 | D:1      | shadowrider38 the Minotaur Berserker began the quest for
                  | the Orb.
     0 | D:1      | Reached XP level 1. HP: 19/19 MP: 0/0
    68 | D:1      | Reached skill level 4 in Axes
    84 | D:1      | Reached XP level 2. HP: 26/26 MP: 1/1
   738 | D:1      | Reached skill level 5 in Axes
   894 | D:1      | Reached ** piety under Trog
  1073 | D:2      | Found a faded altar of an unknown god.
  1100 | D:2      | Reached XP level 3. HP: 26/31 MP: 2/2
  1497 | D:2      | Cast into level 1 of the Abyss (gnoll)
  1530 | Abyss:1  | Noticed a tentacled starspawn
  1543 | Abyss:1  | Slain by a starspawn tentacle

Illustrated notes

Levels and vault maps discovered:
D:1:      saegor_arrival_simple_c, layout_basic
D:2:      layout_basic, ebering_ecumenical_altar_box
Abyss:1:  base:
Temple

Skill      XL: |  1  2 |
---------------+-------+-----
Axes           | 4 5 |  5.7
Fighting       | |  3.6
Armour         | |  2.4
Dodging        | |  2.1

Action                   || total
-------------------------++-------
Melee: Hand axe          ||    83
       Headbutt          ||    15
Invok: Berserk           ||     2
Armor: Animal skin       ||    12
       Leather armour    ||     6
Dodge: Dodged            ||    38
